 Dungeon Crawl Stone Soup version 0.27-a0-1144-g0b7d3b79db (webtiles) character file.

Game seed: 4648524551503978015

126 night the Stinger (level 5, -7/31 HPs)
             Began as an Octopode Venom Mage on May 10, 2021.
             Was a Follower of Okawaru.
             Mangled by Natasha (9 damage)
             ... on level 2 of the Dungeon.
             The game lasted 00:04:46 (2342 turns).

night the Stinger (Octopode Venom Mage)             Turns: 2342, Time: 00:04:47

Health: -7/31      AC:  1    Str:  7    XL:     5   Next: 9%
Magic:  5/10       EV: 13    Int: 19    God:    Okawaru [*.....]
Gold:   62         SH:  0    Dex: 12    Spells: 4/11 levels left

rFire    . . .     SeeInvis .   a - +3 mace (protect)
rCold    . . .     Faith    .   (no shield)
rNeg     . . .     Spirit   .   (helmet restricted)
rPois    .         Reflect  .   (no amulet)
rElec    .         Harm     .   (no ring)
rCorr    .         Rampage  .   (no ring)
Will     .....                  (no ring)
Stlth    +++.......             (no ring)
HPRegen  0.10/turn              (no ring)
MPRegen  0.12/turn              (no ring)
                                (no ring)
                                (no ring)

@: no status effects
A: almost no armour, amphibious, 8 rings, camouflage 1, gelatinous body 1,
(nimble swimmer 1), tentacles
a: Renounce Religion, Heroism


You were on level 2 of the Dungeon.
You worshipped Okawaru.
Okawaru was aware of your devotion.
You visited 1 branch of the dungeon, and saw 2 of its levels.

You collected 62 gold pieces.

Inventory:

Hand Weapons
 a - a +3 mace of protection (weapon)
 c - a +0 halberd
 k - a +3 mace of venom
 l - a +0 mace of holy wrath
Missiles
 b - 15 bolts
 d - 12 poisoned darts
 f - 10 arrows
 h - 25 sling bullets
 j - 53 stones
Scrolls
 e - a scroll of fog {unknown}
 i - a scroll of identify {unknown}
Potions
 g - a potion of lignification {unknown}


   Skills:
 - Level 2.0 Dodging
 - Level 2.6 Stealth
 + Level 3.6 Spellcasting
 - Level 1.0 Transmutations
 + Level 5.4 Poison Magic


You had 4 spell levels left.
You knew the following spells:

 Your Spells              Type           Power      Damage    Failure   Level
a - Sting                 Tmut/Pois      60%        1d6       3%          1
b - Poisonous Vapours     Pois/Air       26%        N/A       7%          2
d - Olgreb's Toxic Radia  Pois           24%        N/A       16%         4

Your spell library contained the following spells:

 Spells                   Type           Power      Damage    Failure   Level
 Ignite Poison            Fire/Tmut/Pois 11%        N/A       19%         3
 Mephitic Cloud           Conj/Pois/Air  10%        N/A       21%         3


Dungeon Overview and Level Annotations

Branches:
Dungeon (2/15)

Altars:
Okawaru

Annotations:
D:2 Natasha


Innate Abilities, Weirdness & Mutations

You cannot wear most types of armour.
You are amphibious.
You can wear up to eight rings at the same time.
Your skin changes colour to match your surroundings (Stealth+).
Your rubbery body absorbs attacks. (AC +1, EV +1)
((You are camouflaged near water. (Stealth+)))
You have tentacles for arms and can constrict up to eight enemies at once.


Message History

Crazy Yiuf hits you with a +2 quarterstaff of chaos!
Ouch! That really hurt!
You release your grip on Crazy Yiuf.
Crazy Yiuf twirls on the spot.
Crazy Yiuf hits you with a +2 quarterstaff of chaos.
* * * LOW HITPOINT WARNING * * *
Crazy Yiuf burns you.
* * * LOW HITPOINT WARNING * * *
Natasha drinks a potion.
Natasha is healed!
Natasha casts a spell.
You see here a +0 mace.
You see here a +0 mace.
You see here a +0 mace.
Casting: Olgreb's Toxic Radiance (extremely dangerous; 19% risk of failure)
Confirm with . or Enter, or press ? or * to list all spells.
Okay, then.
You hit Crazy Yiuf.
Your weapon exudes an aura of protection.
You kill Crazy Yiuf!
Okawaru accepts your kill.
You have reached level 5!
You feel clever.
Casting: Olgreb's Toxic Radiance (extremely dangerous; 16% risk of failure)
Confirm with . or Enter, or press ? or * to list all spells.
Aiming: Poisonous Vapours (safe; 7% risk of failure)
Press: ? - help, Dir - move target, f - Natasha
Aim: Natasha (moderately wounded, poisoned) Poisonous vapours surround Natasha!
Natasha looks even sicker.
Something unseen opens the door.
Natasha closely misses you.
You closely miss Natasha. Your grab misses Natasha.
Your squeeze misses Natasha.
Natasha is moderately wounded.
Natasha claws you!
* * * LOW HITPOINT WARNING * * *
You miss Natasha.
The crimson imp shouts!
You grab Natasha.
Natasha is heavily wounded.
You constrict Natasha. Natasha claws you!
You die...

#...#....#
♣g♣♣
#...#....#
♣♣.♣
#...######
♣.♣♣ #...#
♣♣.♣♣ #...#
♣.).♣♣ #...#
##### ♣))))♣
#...# #...#
#))).# #...#
#.#.###+..'#
#...#
#.#.@h..)5)#
#####
#.#####...##
#.# #####
#.# #.# #.#
#.# #.# #.#


You could see Natasha (very poisoned) and a crimson imp (summoned).

Vanquished Creatures
  Crazy Yiuf (D:2)
  Terence (D:2)
  A gnoll (D:1)
  2 worms (D:2)
  2 dart slugs
  3 endoplasms (D:1)
  2 giant cockroaches
  2 goblins
  2 hobgoblins
  13 jackals
  3 quokkas (D:2)
  7 ball pythons
  2 bats (D:1)
  2 frilled lizards (D:2)
  4 kobolds
  4 rats
51 creatures vanquished.

Notes
Turn   | Place    | Note
-------+----------+-------------------------------------------
     0 | D:1      | night the Octopode Venom Mage began the quest for the Orb.
     0 | D:1      | Reached XP level 1. HP: 11/11 MP: 3/3
   155 | D:1      | Reached skill level 4 in Poison Magic
   155 | D:1      | Reached XP level 2. HP: 17/17 MP: 1/5
   175 | D:1      | Learned a level 2 spell: Poisonous Vapours
   600 | D:1      | Reached XP level 3. HP: 21/21 MP: 3/6
  1295 | D:2      | Found a faded altar of an unknown god.
  1310 | D:2      | Became a worshipper of Warmaster Okawaru
  1310 | D:2      | Reached * piety under Okawaru
  1700 | D:2      | Reached XP level 4. HP: 25/27 MP: 8/8
  2142 | D:2      | Noticed Terence
  2154 | D:2      | Killed Terence
  2155 | D:2      | Reached skill level 5 in Poison Magic
  2309 | D:2      | Found a runed translucent door.
  2309 | D:2      | Noticed Natasha
  2310 | D:2      | Noticed Crazy Yiuf
  2321 | D:2      | Learned a level 4 spell: Olgreb's Toxic Radiance
  2339 | D:2      | Killed Crazy Yiuf
  2340 | D:2      | Reached XP level 5. HP: 9/31 MP: 6/10
  2341 | D:2      | HP: 2/31 [Natasha (8)]
  2342 | D:2      | Mangled by Natasha

Illustrated notes

Levels and vault maps discovered:
D:1:      saegor_arrival_simple_c, layout_basic, minmay_curled_crystal,
          kennysheep_nondescript, eino_curves_01
D:2:      layout_basic, ebering_ecumenical_altar_abandoned,
          uniq_crazy_yiuf_cottage, uniq_natasha, uniq_terence

Skill      XL: |  1  2  3  4 |
---------------+-------------+-----
Poison Magic   | 4 5 |  5.4
Spellcasting   | 3 |  3.6
Dodging        | |  2.0
Stealth        | |  2.6
Transmutations | |  1.0

Action                   |  1- 3 |  4- 6 || total
-------------------------+-------+-------++-------
Melee: Mace              |    54 |    22 ||    76
       Constrict         |    12 |     8 ||    20
       Tentacles         |     5 |     1 ||     6
 Cast: Sting             |    11 |       ||    11
       Poisonous Vapours |     7 |     2 ||     9
       Olgreb's Toxic Ra |       |     1 ||     1
 Stab: Sleeping          |     7 |     3 ||    10
Armor: Skin              |    13 |     6 ||    19
Dodge: Dodged            |    35 |     5 ||    40

Table legend: (Time is in decaauts)
 A = Elapsed time spent in this place.
 B = Non-inter-level travel time spent in this place.
 C = Inter-level travel time spent in this place.
 D = Time resting spent in this place.
 E = Time spent auto-exploring this place.
 F = Levels seen in this place.
 G = Mean time per level.
                   A        B        C        D        E       F      G
               +--------+--------+--------+--------+--------+-----+--------+
         Total |   2371 |   2359 |     12 |     13 |   1963 |   2 | 1185.5 |
       Dungeon |   2371 |   2359 |     12 |     13 |   1963 |   2 | 1185.5 |
               +--------+--------+--------+--------+--------+-----+--------+

Top non-repeatable levels by time:
     D:2: 1248 daAuts
     D:1: 1122 daAuts
